Unix NetHack Version 5.0.0-0 post-release - last build May 23 2026 06:08:33 (1c0ff79ee797540d5714e4e18072db0edd9e58ae,branch:main).

Game began 2026-05-23 16:53:14, ended 2026-05-23 17:04:43.

Atomicjoy, chaotic male elven Wizard

                             ----------------                --------------
                             |..............|               #.............|
                             |...............#####-----     #|............|
                             |..............|    #....|     #+...........<|
                             |..............|     |....  ####--------------
                             ------------|---  ###..*.|     #
                                     #####        |....#    ###
                                    ##            -----#      #
                                  ###                  #      #
                                  #                   ##      #
                                  #                   #       #
                              #####                   #       ##
                           ####                       #        #
                        ---|----                      #--------#
                        |.S....|                      #->.....|#
                        |@S...^|                       |......|#
                        |.Sf...|                       |.....(-#
                        --------                       --------

Atomicjoy the Evoker      St:10 Dx:17 Co:15 In:17 Wi:8 Ch:10  Chaotic
Dlvl:3  $:60 HP:0(16) Pw:8(9) AC:8  Xp:1/19 T:835 

Latest messages:
 You see here a locked large box.
 There is a locked large box here; force its lock? [ynq] (q) y
 You force your elven dagger into a crack and pry.
 You succeed in forcing the lock.
 y - a gray spellbook.
 s - a dark potion (2 in total).
 What do you want to drop? [$a-y or ?*] y
 You drop a gray spellbook.
 You stop.  Your kitten is in the way!
 You see here a gray spellbook.
 y - a gray spellbook.
 What do you want to read? [i-my or ?*] y
 This spellbook is difficult to comprehend.  Continue? [yn] (n) y
 You begin to memorize the runes.
 You add the "stone to flesh" spell to your repertoire, as 'c'.
 You hear someone cursing shoplifters.
 You see here a milky potion.
 z - a milky potion.
 You see here a ruby ring.
 A - a ruby ring.
 You swap places with your kitten.
 In what direction? 6
 The statue shatters.
 You swap places with your kitten.
 You hear the footsteps of a guard on patrol.
 You see here 4 gold pieces.
 $ - 4 gold pieces (44 in total).
 That door is closed.
 The door opens.
 You find a hidden passage.
 You hear the chime of a cash register.
 The door opens.
 You see here 16 gold pieces.
 $ - 16 gold pieces (60 in total).
 You see here 2 black gems.
 A gush of water hits the kitten's right foreleg!
 B - 2 black gems.
 A gush of water hits the kitten's right foreleg!
 Drink from the fountain? [yn] (n) y
 An endless stream of snakes pours forth!
 The fountain dries up!
 The kitten misses the water moccasin.
 The water moccasin bites!
 The kitten bites the water moccasin.
 The water moccasin misses the kitten.
 The water moccasin bites!
 The water moccasin bites!
 You die...
 Do you want your possessions identified? [ynq] (y) y
 Do you want to see your attributes? [ynq] (y) q

Inventory:
 Coins    ('$')
  $ - 60 gold pieces
 Weapons  (')')
  w - a burnt +0 elven dagger (weapon in right hand)
  u - a cursed +0 mace
  a - a blessed +1 quarterstaff (alternate weapon; not wielded)
 Armor    ('[')
  x - an uncursed +0 dented pot (being worn)
  b - an uncursed +0 cloak of magic resistance (being worn)
 Comestibles  ('%')
  r - a cursed lembas wafer
 Scrolls  ('?')
  k - 2 uncursed scrolls of identify
  i - an uncursed scroll of stinking cloud
  j - an uncursed scroll of taming
 Spellbooks  ('+')
  m - an uncursed spellbook of detect unseen
  l - a blessed spellbook of force bolt
  y - an uncursed spellbook of stone to flesh
 Potions  ('!')
  s - 2 uncursed potions of healing
  h - an uncursed potion of invisibility
  z - an uncursed potion of object detection
  g - an uncursed potion of restore ability
  f - 2 blessed potions of speed
 Rings    ('=')
  v - an uncursed ring of cold resistance
  d - a cursed +1 ring of gain constitution
  t - an uncursed ring of hunger
  e - an uncursed +4 ring of increase damage
  q - an uncursed ring of searching (on right hand)
  A - a cursed ring of searching
 Wands    ('/')
  c - a wand of striking (0:5)
 Tools    ('(')
  p - a cursed tooled horn
  o - an uncursed blindfold
  n - a magic marker (0:21)
 Gems/Stones  ('*')
  B - 2 uncursed worthless pieces of black glass

Atomicjoy the Wizard's attributes:

Background:
 You were an Evoker, a level 1 male elven Wizard.
 You were chaotic, on a mission for Anhur
 who was opposed by Ptah (lawful) and Thoth (neutral).
 You were right-handed.
 You were in the Dungeons of Doom, on level 3.
 You entered the dungeon 835 turns ago.
 You had 19 experience points, 1 more was needed to attain level 2.

Basics:
 You had 0 out of 16 hit points.
 You had 8 out of 9 energy points (spell power).
 Your armor class was 8.
 Your wallet contained 60 zorkmids.
 Autopickup was off.

Final Characteristics:
 Your strength was 10 (limit:18).
 Your dexterity was 17 (limit:18).
 Your constitution was 15 (limit:16).
 Your intelligence was 17 (limit:20).
 Your wisdom was 8 (limit:20).
 Your charisma was 10 (limit:18).

Final Status:
 You weren't hungry.
 You were unencumbered.
 You were wielding a dagger.
 You were unskilled in dagger.

Final Attributes:
 You were fervently aligned.
 You were magic-protected.
 You had automatic searching.
 You had infravision.
 You were warded.
 You are dead.

Miscellaneous:
 You didn't encounter any bones levels.
 Total elapsed playing time was 11 minutes and 27 seconds.

Major events:
 Turn
    1: Atomicjoy the chaotic male elven Wizard entered the dungeon
  628: entered the Gnomish Mines
  835: killed by a water moccasin

Spells:
 Name                 Level Category     Fail Retention
 force bolt             1   attack         0%  91%-100%
 detect unseen          3   divination   100%  76%-100%
 stone to flesh         3   healing      100%  76%-100%

Skills:
 Fighting Skills
   bare handed combat [Unskilled]
   riding             [Unskilled]
 Weapon Skills
   dagger             [Unskilled]
   knife              [Unskilled]
   axe                [Unskilled]
   short sword        [Unskilled]
   club               [Unskilled]
   mace               [Unskilled]
   quarterstaff       [Basic]
   polearms           [Unskilled]
   spear              [Unskilled]
   trident            [Unskilled]
   sling              [Unskilled]
   dart               [Unskilled]
   shuriken           [Unskilled]
 Spellcasting Skills
   attack spells      [Basic]
   healing spells     [Unskilled]
   divination spells  [Unskilled]
   enchantment spells [Basic]
   clerical spells    [Unskilled]
   escape spells      [Unskilled]
   matter spells      [Unskilled]

Voluntary challenges:
 Character rerolling was not enabled.
 You never genocided any monsters.
 You never polymorphed an object.
 You never changed form.
 You used no wishes.
Achievement:
 You entered the Gnomish Mines.

 The Dungeons of Doom: levels 1 to 3
    Level 1:
    Level 2:
       Stairs down to The Gnomish Mines.
    Level 3: <- You were here.
       Final resting place for
          you, killed by a water moccasin.
 The Gnomish Mines:
    Level 3:


Vanquished creatures:
  a hobbit
  6 jackals
  a fox
  a sewer rat
  2 lichens
  2 newts
13 creatures vanquished.

No species were genocided or became extinct.

Game over:
                       ----------
                      /          \
                     /    REST    \
                    /      IN      \
                   /     PEACE      \
                  /                  \
                  |    Atomicjoy     |
                  |      60 Au       |
                  |   killed by a    |
                  |  water moccasin  |
                  |                  |
                  |                  |
                  |       2026       |
                 *|     *  *  *      | *
        _________)/\\_//(\/(/\)/\//\/|_)_______

Goodbye Atomicjoy the Wizard...

You died in The Dungeons of Doom on dungeon level 3 with 230 points,
and 60 pieces of gold, after 835 moves.
You were level 1 with a maximum of 16 hit points when you died.

